Cogmind - Beta 13 X1 @@@ ROGUE MODE // 2023.06.22 @ 18:27:22 Player: LU-1G1 Result: Self-destructed Performance ------------- Evolutions (2) 1000 Regions Visited (4) 800 Robots Destroyed (21) 105 Value Destroyed (570) 570 Prototype IDs (10) 200 Alien Tech Used (0) 0 Bonus (-158) -158 TOTAL SCORE: 2517 Bonus ------- Friendly Fire -158 Cogmind --------- Core Integrity 167/550 Matter 285/300 Energy 100/100 System Corruption 0% Temperature Cool (0) Movement Walking (90) Location -8/Storage Parts ------- > --- POWER (1) -------- (None) > --- PROPULSION (3+1) - Arachnoskeleton Flight Unit (+) > --- UTILITY (5) ------ (None) > --- WEAPON (2) ------- Heavy Mace Katana > --- INVENTORY (5) ---- Micro Nuclear Core Small Storage Unit Heavy Armor Plating Katana Peak State ------------ > --- POWER ------------ Backup Power I > --- PROPULSION ------- Arachnoskeleton Flight Unit Flight Unit > --- UTILITY ---------- Advanced Weight Redist. System Backup Plating I Heavy Armor Plating > --- WEAPON ----------- Katana Katana > --- INVENTORY -------- Micro Nuclear Core Small Storage Unit Katana [Rating: 40] Favorites ----------- Power Ion Engine Engine Ion Engine Propulsion Light Treads Treads Light Treads Leg Arachnoskeleton Wheel Subdweller Monowheel Flight Unit Flight Unit Utility Scrap Shield Device Advanced Weight Redist. System Storage Small Storage Unit Processor Targeting Computer Protection Scrap Shield Weapon Bore Cannon Energy Gun Medium Laser Energy Cannon Beam Cannon Ballistic Gun Assault Rifle Ballistic Cannon Bore Cannon Launcher Subdweller Shrapnel Launcher Special Weapon Multitool Impact Weapon Heavy Mace Slashing Weapon Katana Build | -11 -10 -10 -8 -8 ------- Run | Jun Mat Sub Mat Sto Slots Evolved 4 | . . . 4 . Power . | . . . . . Propulsion 1 | . . . 1 . Utility 3 | . . . 3 . Weapon . | . . . . . Parts Attached 27 | 6 2 8 11 . Power 1 | 1 . . . . Engine 1 | 1 . . . . Core . | . . . . . Reactor . | . . . . . Propulsion 7 | 2 . 1 4 . Treads 2 | 2 . . . . Leg 1 | . . . 1 . Wheel 1 | . . 1 . . Hover . | . . . . . Flight 3 | . . . 3 . Utility 6 | 1 1 1 3 . Device 2 | . . . 2 . Storage 1 | 1 . . . . Processor 1 | . 1 . . . Hackware . | . . . . . Protection 2 | . . 1 1 . Artifact . | . . . . . Weapon 13 | 2 1 6 4 . Energy Gun 2 | 1 1 . . . Energy Cannon 1 | . . 1 . . Ballistic Gun 1 | 1 . . . . Ballistic Cannon 3 | . . 3 . . Launcher 1 | . . 1 . . Special Weapon 2 | . . 1 1 . Impact Weapon 1 | . . . 1 . Slashing Weapon 2 | . . . 2 . Piercing Weapon . | . . . . . Special Melee Weapon . | . . . . . Unidentified Prototypes . | . . . . . Parts Lost 14 | . 1 6 7 . Power 2 | . . 1 1 . Propulsion 4 | . . 2 2 . Utility 4 | . . 1 3 . Weapon 4 | . 1 2 1 . Highest Loss Streak 4 | . 1 4 4 . To Critical Strikes . | . . . . . Average Slot Usage (%) 74 | . 97 76 47 . Engine 11 | . 14 11 3 . Treads 23 | . 28 25 . . Flight 1 | . . . 11 . Protection 10 | . . 11 4 . Energy Gun 1 | . 14 . . . Ballistic Gun 1 | . 14 . . . Ballistic Cannon 20 | . . 23 . . Naked Turns 19 | . . 14 5 . Heaviest Build 35 | 14 14 35 21 . Greatest Support 50 | 40 40 40 50 . Greatest Overweight (x) 2 | . . . 2 . Average Overweight (x) . | . . . . . Largest Inventory Capacity 8 | 8 8 8 5 . Average Capacity 5 | 7 8 5 5 . Most Carried 8 | 6 8 8 5 . Average Carried 4 | 2 6 5 3 . Final Capacity 8 | 8 8 5 5 5 Final Carried 8 | 6 8 5 5 5 Class Distribution -------------------- 100% | Mutant Dominant Class ---------------- Mutant | -10/Materials Mutant | -10/Subcaves Mutant | -8/Materials Mutant | -8/Storage Resources | -11 -10 -10 -8 -8 ----------- Run | Jun Mat Sub Mat Sto Matter Collected 1281 | 164 125 691 301 . Remotely . | . . . . . Salvage Created 675 | . 157 311 207 . Parts 38 | . 9 15 14 . Haulers Intercepted 1 | . . . 1 . Recyclers Shooed . | . . . . . Parts Field Recycled . | . . . . . Retrieved Matter . | . . . . . Parts Self-Destructed 13 | . . 13 . . Prevented . | . . . . . Kills | -11 -10 -10 -8 -8 ------- Run | Jun Mat Sub Mat Sto Combat Hostiles Destroyed 15 | . 3 8 4 . Melee 4 | . . . 4 . Guns 3 | . 3 . . . Cannons 8 | . . 8 . . Classes Destroyed 9 | . 2 4 3 . Worker 1 | . . . 1 . Tunneler 1 | . 1 . . . Hauler 1 | . . . 1 . Turret 2 | . . 2 . . Swarmer 4 | . . 2 2 . Grunt 3 | . 3 . . . Sentry 2 | . . 1 1 . Hunter 1 | . . . 1 . Subdweller 5 | . . 5 . . Thug 1 | . . 1 . . Best Kill Streak 3 | . 3 3 3 . Combat Bots Only 3 | . 3 2 2 . Max Kills in Single Turn 1 | . 1 1 1 . Gunslinging . | . . . . . Exploded . | . . . . . Melee 1 | . . . 1 . Uniques/NPCs Destroyed . | . . . . . Combat | -11 -10 -10 -8 -8 -------- Run | Jun Mat Sub Mat Sto Damage Taken 2404 | . 171 1186 1047 . Core 618 | . 24 211 383 . Absorbed by Shields . | . . . . . Core Remaining (%) 53 | 100 . 6 . . Volleys Fired 112 | . 13 97 2 . Largest 2 | . 2 2 1 . Hottest 117 | . 70 117 30 . Shots Fired 181 | . 26 153 2 . Gun 32 | . 26 6 . . Cannon 145 | . . 145 . . Launcher 2 | . . 2 . . Special 2 | . . . 2 . Kinetic 151 | . 13 138 . . Thermal 21 | . 4 15 2 . Explosive . | . . . . . Electromagnetic 9 | . 9 . . . Robot Hit Streak 9 | . 6 9 3 . Robot Miss Streak 4 | . 1 4 . . Penetration Max . | . . . . . Secondary Targets . | . . . . . Shots Hit Robots 80 | . 20 40 20 . Core Hits 29 | . 8 15 6 . Critical Kills 6 | . . 6 . . Critical Parts Destroyed 3 | . . 3 . . Critical Strikes 12 | . . 12 . . Destroy 11 | . . 11 . . Blast 1 | . . 1 . . Melee Attacks 19 | . . . 19 . Impact 1 | . . . 1 . Slashing 18 | . . . 18 . Piercing . | . . . . . Sneak Attacks 2 | . . . 2 . Combat Hostiles . | . . . . . Follow-up Attacks 3 | . . . 3 . Damage Inflicted 1783 | . 243 808 732 . Guns 306 | . 243 63 . . Cannons 675 | . . 675 . . Explosions 68 | . . 68 . . Melee 692 | . . . 692 . Ramming 31 | . . 2 29 . Kinetic 753 | . 131 622 . . Thermal 244 | . 49 184 11 . Explosive . | . . . . . Electromagnetic 63 | . 63 . . . Impact 64 | . . . 64 . Slashing 628 | . . . 628 . Piercing . | . . . . . Highest Corruption 10 | . . 10 . . Average Corruption 9 | . . 9 . . Corruption Purged . | . . . . . Corruption Blocked . | . . . . . Effects 14 | . . 14 . . Message Errors 6 | . . 6 . . Matter Fused 2 | . . 2 . . Data Loss (major) 2 | . . 2 . . Misfires 1 | . . 1 . . Alerts 1 | . . 1 . . Weapon Failures 2 | . . 2 . . Overload Shots . | . . . . . Overflow Damage 94 | . . 44 50 . Projectiles 22 | . . 22 . . Explosions 22 | . . 22 . . Melee 50 | . . . 50 . Knockbacks 7 | . . 6 1 . Impact 1 | . . . 1 . Kinetic 6 | . . 6 . . Secondary . | . . . . . Self-Inflicted Damage 63 | . . 57 6 . Shots 2 | . . 2 . . Rammed 8 | . . 2 6 . Targets Rammed 17 | . . 2 15 . Kicked 9 | . . . 9 . Crushed . | . . . . . Highest Temperature 103 | . 103 7 19 . Average Temperature 39 | . 51 4 12 . Received Heat Transfer 456 | . 96 135 225 . Siege Activations . | . . . . . Robots Corrupted . | . . . . . Combat Hostiles . | . . . . . Parts Fried . | . . . . . Impact Corruptions . | . . . . . Robots Melted . | . . . . . Combat Hostiles . | . . . . . Parts Melted 3 | . . 3 . . Heat Transferred 642 | . 148 444 50 . Parts Sabotaged . | . . . . . Parts Stolen . | . . . . . Parts Stripped . | . . . . . Power Chain Reactions . | . . . . . Missiles Intercepted . | . . . . . Alert | -11 -10 -10 -8 -8 ------- Run | Jun Mat Sub Mat Sto Peak Influence 416 | . 105 . 416 . Initial 274 | . . . 274 158 Average 189 | . 57 . 313 . Maximum Alert Level 2 | . . . 2 . Low Security (%) 44 | 100 100 . . . Level 1 50 | . . . 91 . Level 2 4 | . . . 8 . Level 3 . | . . . . . Level 4 . | . . . . . Level 5 . | . . . . . High Security . | . . . . . Max Security . | . . . . . Squads Dispatched 3 | . 1 . 2 . Investigation 1 | . . . 1 . Extermination . | . . . . . Reinforcement 2 | . 1 . 1 . Assault . | . . . . . Garrison . | . . . . . Intercept . | . . . . . Searches Triggered . | . . . . . Construction Impeded . | . . . . . Haulers Reinforced . | . . . . . Active Scanning Responses . | . . . . . Cargo Convoy Interrupts . | . . . . . Stealth | -11 -10 -10 -8 -8 --------- Run | Jun Mat Sub Mat Sto Distress Signals 1 | . . . 1 . Communications Jammed . | . . . . . Distress Signals . | . . . . . Times Spotted 90 | . 4 69 17 . Peak Tracking Total 11 | . 2 7 11 . Tactical Retreats 5 | . . 5 . . Traps | -11 -10 -10 -8 -8 ------- Run | Jun Mat Sub Mat Sto Traps Triggered 4 | . . 3 1 . Indirectly . | . . . . . Trap Hack Attempts . | . . . . . Triggered . | . . . . . Disarmed . | . . . . . Reprogrammed . | . . . . . Reused . | . . . . . Traps Extracted . | . . . . . Installed . | . . . . . Triggered . | . . . . . Machines | -11 -10 -10 -8 -8 ---------- Run | Jun Mat Sub Mat Sto Machines Disabled 3 | . . 3 . . Max in Single Turn 1 | . . 1 . . Machines Repaired . | . . . . . Machines Sabotaged . | . . . . . Overloaded Fab Kills . | . . . . . Hacking | -11 -10 -10 -8 -8 --------- Run | Jun Mat Sub Mat Sto Machines Accessed 6 | . . 2 4 . Terminals 3 | . . . 3 . Fabricators . | . . . . . Repair Stations 1 | . . . 1 . Recycling Units . | . . . . . Scanalyzers . | . . . . . Garrison Access . | . . . . . Total Hacks 21 | . . 11 10 . Successful 13 | . . 11 2 . Failed 8 | . . . 8 . Catastrophic 1 | . . . 1 . Database Lockouts . | . . . . . Manual . | . . . . . Terminals 9 | . . . 9 . Fabricators . | . . . . . Repair Stations 1 | . . . 1 . Recycling Units . | . . . . . Scanalyzers . | . . . . . Garrison Access . | . . . . . Terminal Hacks 12 | . . 11 1 . Record 10 | . . 10 . . Branch Access Points 1 | . . . 1 . Derelict Proto ID Bank 1 | . . 1 . . Fabricator Hacks . | . . . . . Repair Station Hacks 1 | . . . 1 . Refit 1 | . . . 1 . Recycling Unit Hacks . | . . . . . Scanalyzer . | . . . . . Garrison Access Hacks . | . . . . . Unauthorized Hacks . | . . . . . Terminals . | . . . . . Fabricators . | . . . . . Repair Stations . | . . . . . Recycling Units . | . . . . . Scanalyzers . | . . . . . Garrison Access . | . . . . . Data Cores Recovered . | . . . . . Used . | . . . . . Hacking Detections 3 | . . . 3 . Full Trace Events . | . . . . . Feedback Events . | . . . . . Feedback Blocked . | . . . . . Robot Schematics Acquired . | . . . . . Robots Built . | . . . . . Authchips . | . . . . . Time . | . . . . . Total Robot Build Rating . | . . . . . Part Schematics Acquired . | . . . . . Parts Built . | . . . . . Authchips . | . . . . . Time . | . . . . . Total Part Build Rating . | . . . . . Parts Repaired . | . . . . . Time . | . . . . . Parts Recycled . | . . . . . Recycled Matter . | . . . . . Retrieved Matter . | . . . . . Retrieved Components . | . . . . . Parts Scanalyzed . | . . . . . Part Schematics Acquired . | . . . . . Parts Damaged . | . . . . . Bothacking | -11 -10 -10 -8 -8 ------------ Run | Jun Mat Sub Mat Sto Used RIF Installer . | . . . . . Robots Hacked . | . . . . . Non-combat . | . . . . . Combat . | . . . . . Robot Hacks Applied . | . . . . . Relay Couplers Released . | . . . . . Fabnet Peak Effective % . | . . . . . Robots Rewired . | . . . . . Allies Hacked . | . . . . . Hacks Repelled . | . . . . . Allies | -11 -10 -10 -8 -8 -------- Run | Jun Mat Sub Mat Sto Total Allies . | . . . . . Largest Group . | . . . . . Highest-Rated Group . | . . . . . Highest-Rated Ally . | . . . . . Total Orders . | . . . . . Ally Attacks . | . . . . . Total Damage . | . . . . . Kills . | . . . . . Allies Corrupted . | . . . . . Allies Melted . | . . . . . Intel | -11 -10 -10 -8 -8 ------- Run | Jun Mat Sub Mat Sto Robot Analysis Total . | . . . . . Derelict Logs Recovered 2 | . . 2 . . Drone Launches . | . . . . . Drone Recoveries . | . . . . . Exploration | -11 -10 -10 -8 -8 ------------- Run | Jun Mat Sub Mat Sto Turns Passed 2988 | 81 145 2484 278 . Spaces Moved 1758 | 45 54 1385 274 . Core 89 | 4 . 29 56 . Treads 1433 | 41 54 1338 . . Legs 13 | . . . 13 . Wheels 18 | . . 18 . . Hover . | . . . . . Flight 205 | . . . 205 . Fastest Speed 50 | 50 160 50 50 . Average Speed 142 | 150 160 157 65 . Slowest Speed 227 | 160 160 160 227 . Overloaded Moves . | . . . . . Propulsion Burnouts . | . . . . . Robots Hopped . | . . . . . Cave-ins Triggered 2 | . . 2 . . Exploration Rate (%) 27 | 3 14 82 37 2 Regions Visited 4 Branch Regions 2 Pre-discovered Areas 1 | . . 1 . . Known Exits Taken 1 | . . . 1 . Unknown Exits Taken 3 | 1 1 1 . . Scrap Searched 7 | . . 7 . . Spaces Dug 19 | . . 19 . . Terrain Destroyed 94 | . . 94 . . Melee . | . . . . . Projectile 53 | . . 53 . . AOE 41 | . . 41 . . Terrain Rammed . | . . . . . Walls Destroyed . | . . . . . Machines Disabled . | . . . . . Actions | -11 -10 -10 -8 -8 --------- Run | Jun Mat Sub Mat Sto Total 2020 | 56 86 1536 342 . Wait 59 | . 15 22 22 . Move 1754 | 44 53 1384 273 . Hop . | . . . . . Pick Up 14 | 6 3 3 2 . Fast Attach 23 | 6 1 7 9 . Attach 3 | . 1 . 2 . Detach 4 | . . 3 1 . Swap 1 | . . 1 . . Drop 14 | . . 13 1 . Fire 112 | . 13 97 2 . Melee 15 | . . . 15 . Ram 6 | . . . 6 . Kick 9 | . . . 9 . Crush 2 | . . 2 . . Escape Stasis . | . . . . . Rewire . | . . . . . Trap . | . . . . . Miscellaneous 4 | . . 4 . . Route ------- -11/Junkyard -10/Materials -10/Subcaves (discovered 3 exits: *Mat / *Mat / [*Rec]) -8/Materials (discovered 3 exits: [*Fac] / *Sto x2) -8/Storage History --------- Turn | Location | Event 5 | -11/Junkyard | Discovered new exit (range 15) 82 | -11/Junkyard | Entered Materials 211 | -10/Materials | Discovered new exit (range 8) 227 | -10/Materials | Entered Subcaves 306 | -10/Subcaves | Ambushed by swarm of Subdwellers 306 | -10/Subcaves | Ambushed by Subdwellers from Twisted Machinery 306 | -10/Subcaves | Ambushed by Subdwellers from Twisted Machinery 327 | -10/Subcaves | Build established: Mutant 695 | -10/Subcaves | Discovered new exit (range 5) 1108 | -10/Subcaves | Visited 4L-MR0's lab 1126 | -10/Subcaves | Found Arachnoskeleton 1421 | -10/Subcaves | Identified exit to Materials 1425 | -10/Subcaves | Shifting Twisted Machinery released Mak. System Restoration Module 1586 | -10/Subcaves | Ambushed by Subdweller buried in earth 1762 | -10/Subcaves | Learned Materials stockpile data 2318 | -10/Subcaves | Crushed by falling debris 2329 | -10/Subcaves | Crushed by falling debris 2329 | -10/Subcaves | System corruption reached 10% 2360 | -10/Subcaves | Lost 4 parts (1p1n1u1w) 2586 | -10/Subcaves | Visited Clippyterm 2590 | -10/Subcaves | Learned location of Section 7 (-2) 2618 | -10/Subcaves | Core integrity fell below 50% 2697 | -10/Subcaves | Core integrity fell below 20% 2697 | -10/Subcaves | Released all parts (2) 2707 | -10/Subcaves | Discovered new exit (range 6) 2711 | -10/Subcaves | Entered Materials 2711 | -8/Materials | Evolved 4 slots: Propulsion x1, Utility x3 2739 | -8/Materials | Attached Arachnoskeleton, gained temporary slots: Propulsion x3 2785 | -8/Materials | Core integrity fell below 50% 2801 | -8/Materials | Lost 3 parts (1n1u1w) 2969 | -8/Materials | Identified exit to Storage 2987 | -8/Materials | Discovered new exit (range 9) 2989 | -8/Materials | Entered Storage 2989 | -8/Storage | Self-destructed Last Messages --------------- 02978_ G-47 Trooper knocked back. 02978_ Backup Power I destroyed. 02978_ Critical hit (Burn: +37). 02979_ G-47 Trooper suffers critical hit (Burn). 02981_ Kicked G-47 Trooper. 02983_ G-47 Trooper heat damages Unknown Leg. 02983_ Backup Plating I destroyed. 02983_ Kicked G-47 Trooper. 02984_ G-47 Trooper suffers critical hit (Burn). 02984_ Kicked G-47 Trooper. 02985_ G-47 Trooper suffers critical hit (Burn). 02985_ G-47 Trooper critical meltdown. 02985_ Acquired 53 matter. 02986_ Adv. Weight Redist. System destroyed. 02987_ G-47 Trooper suffers critical hit (Burn). 02987_ EXIT=FOUND 02988_ Flight Unit destroyed. 02988_ Temporary Propulsion slot lost. LOCATION=STORAGE GOAL=ESCAPE Map ----- +----------------------------------------------------+ | | | | | | | | | | | | | | | | | | | | | | | | | | | | | | | | | ??????????????????????????????????? | | ??????????????????????????????????? | | ??????????????????????????????????? | | ??????????????????????????????????? | | ??????????????????????????????????? | | ??????????????????????????????????? | | ??????????????????????????????????? | | ?????????????#""T""#########??????? | | ?????????? #??????? | | ?????????? @ #??????? | | ?????????? #??????? | | ?????????????########+######??????? | | ??????????????????????????????????? | | ??????????????????????????????????? | | ??????????????????????????????????? | | ??????????????????????????????????? | | ??????????????????????????????????? | | ??????????????????????????????????? | | ??????????????????????????????????? | | ??????????????????????????????????? | | ??????????????????????????????????? | | ??????????????????????????????????? | | ??????????????????????????????????? | | ??????????????????????????????????? | | ??????????????????????????????????? | | ??????????????????????????????????? | | ??????????????????????????????????? | | ??????????????????????????????????? | | ??????????????????????????????????? | | ??????????????????????????????????? | | ??????????????????????????????????? | | ??????????????????????????????????? | | ??????????????????????????????????? | | ??????????????????????????????????? | +----------------------------------------------------+ Best States ------------- Heat Dissipation 31 Energy Generation 10 Energy Capacity 250 Matter Stores 300 Matter Capacity 300 Sight Range 16 Terrain Scan Density 10 Armor Coverage 800 Evasion (%) 56 Targeting Accuracy 5 Recoil Reduction 2 Item Schematics ----------------- None Robot Schematics ------------------ None Fabricated ------------ Nothing Alien Tech Used ----------------- None Achievements -------------- None Challenges ------------ None Game ------ Seed RecoilBiometalTorch Manual? 0 Play Time 00:28:02 Cumulative 638.7 hours Start 2023.06.21 @ 21:28:38 End 2023.06.22 @ 18:27:22 Sessions 3 Manual Loads 0 Difficulty Rogue Special Mode None Game No. 558 Rogue 343 Adventurer 112 Explorer 103 Win Type - Total 42 Types 26/0/8/3/0/0/4/1/0 Lore% 85 Gallery% 91 Achievement% 82 Wizard Run 0 Options --------- ASCII 0 Keyboard 1 Movement Vi Keybinds 1 Fullscreen 1 Font 36/Terminus Map View 76x50 Tactical HUD 1 Map Filters NONE Filters NONE Steam 1 RUN: e8441c7e-c031-4e23-8815-9e7b51a6ec93